Map: [ESL] Oceanborn

Players

ByuN

  • Race: Terran Terran
  • Spawn Location: 5:00

Dark - Winner!

  • Race: Zerg Zerg
  • Spawn Location: 11:00

VOD

Have the link to the VOD?

Description

Time

  • Played on: Dec. 11, 2023, 8:16 a.m.
  • Length: 15:02
Show
View Real Time Build Order
Export as new Build Order

ByuN Terran 

Build Orders: Command Center First, Liberator Opening 

Get SALT Encoding   

  12  0:00  SCV  
  13  0:12  SCV  
  14  0:16  Supply Depot  
  14  0:24  SCV  
  15  0:38  SCV  
  16  0:50  SCV  
  17  0:58  Command Center  
  17  1:02  SCV  
  18  1:11  Barracks  
  18  1:15  SCV  
  19  1:20  Refinery  
  19  1:27  SCV  
  19  1:29  Refinery  
  20  1:39  SCV  
  21  1:51  SCV  
  22  1:58  Marine  
  23  2:04  Orbital Command  
  23  2:08  Factory  
  23  2:12  Orbital Command  
  23  2:16  Barracks Reactor  
  23  2:29  SCV  
  24  2:38  SCV  
  24  2:41  SCV  
  26  2:50  SCV  
  27  2:53  SCV  
  27  2:55  Starport  
  27  2:57  Supply Depot  
  28  3:01  Hellion x2  
  28  3:02  SCV  
  33  3:05  SCV  
  34  3:14  SCV  
  34  3:18  SCV  
  36  3:22  Barracks Tech Lab  
  36  3:23  Hellion x2  
  36  3:26  SCV  
  41  3:30  SCV  
  41  3:31  Supply Depot  
  42  3:39  SCV  
  42  3:41  Liberator  
  46  3:44  Stimpack  
  46  3:52  SCV x2  
  46  3:53  Hellion x2  
  46  3:55  Supply Depot  
  52  4:04  SCV x2  
  54  4:16  SCV  
  54  4:17  SCV  
  56  4:18  Command Center  
  56  4:20  Supply Depot  
  56  4:23  Marine  
  57  4:25  Factory Reactor  
  57  4:26  Starport Reactor  
  57  4:29  SCV x2  
  59  4:34  Barracks  
  59  4:36  Barracks  
  59  4:41  SCV x2, Marine  
  59  4:43  Engineering Bay x2  
  62  4:53  SCV x2  
  62  4:58  Barracks  
  62  4:59  Barracks  
  64  5:02  Refinery  
  64  5:03  Refinery  
  64  5:05  SCV x2  
  66  5:12  Marine  
  67  5:15  Terran Infantry Weapons Level 1, Terran Infantry Armor Level 1  
  67  5:17  SCV x2  
  66  5:24  Factory Reactor  
  66  5:25  Marine x2  
  68  5:29  SCV x2  
  68  5:30  Marine  
  68  5:32  Combat Shield, Marine x2  
  68  5:35  Orbital Command  
  73  5:39  Supply Depot  
  73  5:40  Medivac x2  
  73  5:42  Supply Depot, SCV  
  78  5:43  SCV  
  78  5:48  Armory  
  79  5:51  Marine x4  
  79  5:54  Barracks Reactor x2  
  79  5:56  Marine  
  84  5:58  Orbital Command  
  84  6:00  SCV x2  
  86  6:09  Supply Depot  
  86  6:13  SCV x2  
  86  6:17  Supply Depot  
  88  6:19  Marine x2  
  88  6:20  Marine x3  
  88  6:22  Widow Mine x2  
  88  6:24  SCV  
  88  6:25  SCV x2  
  100  6:36  Supply Depot, SCV  
  100  6:37  SCV x2, Marine x5  
  100  6:38  Marine x2  
  110  6:41  Marine x2, Medivac x2  
  110  6:46  Supply Depot  
  116  6:48  SCV  
  116  6:50  SCV  
  116  6:51  SCV  
  115  6:57  Widow Mine  
  115  6:58  Widow Mine  
  115  7:00  SCV  
  117  7:02  SCV  
  117  7:03  SCV  
  117  7:06  Marine  
  117  7:07  Marine  
  111  7:10  Marine x2  
  111  7:13  Terran Infantry Armor Level 2, Terran Infantry Weapons Level 2, Medivac x2  
  111  7:14  Marine x4  
  119  7:16  SCV  
  119  7:17  Supply Depot, SCV  
  119  7:18  SCV  
  119  7:19  Widow Mine  
  119  7:20  Widow Mine  
  126  7:25  Refinery, Factory  
  126  7:29  Supply Depot  
  126  7:31  Supply Depot  
  126  7:34  Marine  
  120  7:38  Marine  
  120  7:42  Marine  
  119  7:47  SCV x2  
  119  7:49  Marine x2  
  119  7:51  Marine x3  
  122  7:52  Marine  
  122  7:54  SCV  
  124  8:01  Command Center  
  124  8:04  Widow Mine x2  
  124  8:05  Marine x3  
  128  8:07  Marine x2  
  128  8:09  Factory Tech Lab  
  128  8:12  Supply Depot, Marine x3  
  130  8:13  Marine  
  130  8:15  Medivac x2  
  137  8:23  Marine  
  134  8:28  Supply Depot  
  134  8:29  Supply Depot  
  134  8:33  SCV x2, Barracks x2  
  134  8:34  Barracks  
  136  8:41  Drilling Claws  
  134  8:43  Widow Mine  
  134  8:44  Marine x3  
  134  8:46  Marine, Medivac x2  
  134  8:48  Marine  
  144  8:50  Marine x2  
  144  8:51  Marine  
  144  8:52  Marine  
  149  9:02  Marine x2  
  149  9:03  SCV x2  
  149  9:07  Widow Mine x2  
  155  9:10  Marine x7  
  155  9:13  Supply Depot x2  
  155  9:14  Terran Vehicle And Ship Armor Level 1  
  162  9:18  Widow Mine  
  162  9:23  Medivac  
  164  9:27  Marine x2  
  164  9:28  Hellion  
  164  9:29  Marine x5  
  164  9:30  Marine  
  175  9:33  Barracks Reactor x3  
  175  9:35  SCV x3  
  173  9:39  Terran Infantry Armor Level 3  
  173  9:42  Terran Infantry Weapons Level 3  
  173  9:49  Marine x3  
  173  9:50  Marine  
  173  9:51  Marine x4  
  153  10:07  Marine x3  
  153  10:08  Marine x6  
  153  10:09  Marine x4  
  153  10:11  Widow Mine x2  
  153  10:12  Marine x2  
  170  10:20  SCV  
  170  10:21  SCV  
  172  10:23  Orbital Command  
  172  10:25  Marine x4  
  172  10:26  Marine  
  177  10:33  Marine x6  
  183  10:35  Marine, Sensor Tower  
  183  10:39  Widow Mine  
  171  10:53  Marine x2  
  171  10:54  Marine x9  
  171  10:55  Marine  
  171  10:56  Marine  
  169  10:58  Widow Mine x2  
  169  11:00  Marine x2  
  175  11:06  Widow Mine  
  175  11:09  Medivac x2  
  175  11:10  Marine  
  175  11:11  Marine  
  182  11:12  Marine x4  
  182  11:14  Marine  
  182  11:15  SCV  
  187  11:19  Widow Mine x2  
  187  11:22  Marine x5  
  187  11:23  Marine x3  
  197  11:28  Marine, Widow Mine  
  197  11:29  Marine  
  197  11:32  Marine x2  
  175  11:38  Marine x2  
  156  11:41  Widow Mine x2  
  156  11:44  Marine  
  156  11:45  Marine x2  
  156  11:46  Marine  
  151  11:48  Medivac x2  
  151  11:49  Widow Mine  
  151  11:51  Marine  
  156  11:57  Marine, Command Center  
  156  11:58  Marine x9  
  166  12:02  Marine x3, Widow Mine x2  
  152  12:13  Marine  
  152  12:14  Marine  
  154  12:15  Marine x2  
  154  12:16  Marine x5  
  154  12:18  Medivac x2  
  154  12:20  Marine  
  166  12:23  Marine x5  
  144  12:31  Marine  
  144  12:32  Marine  
  144  12:33  Marine x6  
  144  12:34  Marine  
  151  12:38  Marine, Widow Mine x3  
  151  12:40  Marine  
  151  12:41  Marine x4  
  163  12:48  Medivac x2  
  163  12:49  Marine x2  
  163  12:51  Marine x2  
  169  12:52  Marine x5  
  169  12:56  Marine  
  177  12:58  Marine x3  
  177  12:59  Marine x2, Widow Mine x2  
  155  13:07  Marine x2  
  155  13:09  Marine x2  
  155  13:10  Marine x5  
  164  13:14  Marine  
  164  13:16  Marine x3  
  164  13:17  Marine  
  169  13:22  Marine  
  169  13:24  Marine  
  169  13:25  Marine  
  169  13:27  Marine x2  
  172  13:28  Marine x5  
  172  13:32  Marine  
  180  13:34  Marine x4  
  180  13:40  Marine  
  185  13:42  Marine  
  185  13:43  Marine  
  185  13:44  Marine  
  185  13:45  Marine x2  
  185  13:46  Marine x4  
  196  13:48  Widow Mine x2  
  196  13:49  Marine  
  196  13:50  Medivac  
  196  13:52  Marine  
  200  14:01  Widow Mine  
  164  14:04  Medivac  
  164  14:06  Marine  
  164  14:07  Marine  
  164  14:08  Marine x3  
  164  14:09  Marine  
  133  14:10  Widow Mine  
  133  14:12  SCV x2, Widow Mine  
  133  14:13  SCV  
  133  14:14  SCV  
  119  14:18  Marine x2  
  119  14:19  Marine x2  
  119  14:20  Marine x5, Medivac  
  119  14:22  Widow Mine  
  132  14:24  Marine  
  132  14:27  Marine x3  
  136  14:34  Marine  
  136  14:35  Marine x2  
  136  14:36  Marine  
  142  14:42  Marine  
  142  14:43  Marine x4  
Show
View Real Time Build Order
Export as new Build Order

Dark Zerg - Winner!

Build Orders: Hatch First, Lurkers 

Get SALT Encoding   

  12  0:00  Drone  
  13  0:13  Overlord  
  13  0:17  Drone  
  14  0:31  Drone  
  14  0:32  Drone  
  16  0:48  Hatchery  
  15  0:52  Drone  
  15  0:54  Drone  
  17  0:59  Drone  
  18  1:13  Spawning Pool  
  18  1:15  Drone  
  18  1:20  Drone  
  19  1:29  Drone  
  20  1:41  Hatchery  
  20  1:46  Hatchery  
  19  1:49  Drone  
  19  1:52  Drone  
  21  2:00  Queen  
  23  2:04  Zergling x2  
  23  2:06  Zergling x2  
  27  2:17  Queen  
  27  2:18  Overlord  
  27  2:23  Drone  
  28  2:37  Drone x4  
  32  2:39  Queen  
  34  2:45  Overlord  
  34  2:48  Drone  
  35  2:54  Drone  
  36  3:03  Drone x2, Queen  
  40  3:09  Drone x2  
  40  3:11  Queen  
  43  3:14  Drone x3  
  43  3:18  Drone x2  
  48  3:20  Drone  
  48  3:21  Drone  
  49  3:27  Overlord  
  49  3:37  Overlord  
  49  3:45  Queen x2  
  49  3:47  Zergling x6  
  49  3:48  Zergling x2  
  57  3:51  Drone  
  58  3:56  Queen  
  58  3:57  Drone x5  
  65  4:03  Zergling x2  
  65  4:06  Overlord  
  65  4:07  Overlord  
  66  4:14  Overlord  
  66  4:20  Overlord  
  66  4:23  Queen x2  
  70  4:25  Drone x4  
  70  4:27  Drone x2  
  70  4:28  Drone  
  77  4:31  Queen  
  77  4:32  Drone, Extractor  
  77  4:33  Drone, Extractor  
  77  4:34  Extractor  
  77  4:37  Drone  
  77  4:38  Drone  
  80  4:40  Drone x2  
  80  4:44  Zergling x2  
  80  4:45  Zergling x4  
  85  4:49  Spore Crawler x2  
  85  4:52  Spore Crawler, Drone  
  83  4:55  Drone x4  
  83  4:58  Drone  
  88  5:01  Drone  
  88  5:03  Drone x2  
  91  5:07  Drone x4  
  91  5:11  Drone x2  
  96  5:16  Drone  
  96  5:19  Drone  
  96  5:24  Drone  
  96  5:29  Metabolic Boost  
  96  5:30  Lair, Extractor  
  95  5:35  Drone x2  
  95  5:36  Hatchery  
  95  5:39  Baneling Nest  
  95  5:40  Drone x3  
  98  5:44  Extractor  
  97  5:51  Hatchery  
  97  5:52  Drone, Evolution Chamber x2  
  97  5:54  Baneling Nest  
  95  5:57  Zergling x6  
  95  6:01  Overlord x2  
  95  6:02  Overlord x2  
  98  6:08  Overlord  
  98  6:19  Zerg Melee Weapons Level 1, Zerg Ground Armor Level 1  
  98  6:20  Zergling x2  
  98  6:21  Zergling x16  
  107  6:29  Centrifugal Hooks  
  107  6:31  Zergling x6, Infestation Pit  
  109  6:39  Zergling x12  
  115  6:41  Baneling x7  
  115  6:42  Baneling x2  
  115  6:45  Zergling x2  
  115  6:46  Zergling x8  
  119  6:55  Drone x3  
  119  6:56  Drone  
  107  7:11  Zergling x2  
  107  7:12  Zergling x24  
  116  7:18  Zergling x2  
  116  7:20  Hive  
  116  7:21  Burrow  
  116  7:22  Hydralisk Den, Drone  
  117  7:23  Drone x4  
  117  7:24  Drone  
  117  7:25  Baneling x2  
  117  7:26  Baneling x4  
  117  7:28  Zergling x2  
  117  7:41  Zergling x14  
  119  7:46  Spore Crawler  
  116  7:52  Drone  
  116  7:53  Drone x4  
  116  7:55  Baneling x13  
  116  7:58  Grooved Spines  
  120  8:02  Baneling x3  
  120  8:03  Drone  
  120  8:04  Drone x4  
  125  8:07  Spore Crawler  
  125  8:11  Overlord  
  124  8:14  Drone  
  124  8:17  Zerg Melee Weapons Level 2  
  125  8:25  Zergling x6  
  125  8:33  Zerg Ground Armor Level 2  
  125  8:35  Zergling x16  
  132  8:43  Hatchery  
  132  8:45  Zergling x4  
  132  8:48  Overlord x5  
  133  8:50  Overlord  
  133  8:54  Adrenal Glands  
  133  8:56  Muscular Augments  
  130  9:07  Overseer  
  130  9:08  Hydralisk x4  
  136  9:11  Drone x6  
  136  9:13  Zergling x32, Extractor  
  136  9:14  Extractor  
  154  9:24  Zergling x2  
  154  9:25  Zergling x8  
  154  9:31  Baneling x3  
  159  9:33  Zergling x2  
  159  9:34  Zergling x2  
  161  9:41  Viper x2  
  161  9:44  Zergling x22  
  178  9:47  Baneling x4  
  178  9:49  Zergling x4  
  178  9:55  Hatchery  
  178  9:57  Overseer x2  
  178  9:59  Baneling x2  
  177  10:00  Baneling x2, Overlord  
  156  10:07  Baneling x2  
  156  10:10  Pneumatized Carapace  
  156  10:12  Zergling x14  
  156  10:13  Zergling x18  
  164  10:19  Zergling x8  
  167  10:24  Zergling x4  
  167  10:27  Baneling  
  167  10:28  Baneling x3  
  169  10:29  Hydralisk x3  
  169  10:33  Hydralisk x2, Zerg Missile Weapons Level 1  
  179  10:37  Drone x2  
  181  10:43  Overlord  
  181  10:44  Overlord x3  
  171  10:58  Zergling x22  
  171  11:00  Zerg Ground Armor Level 3  
  171  11:02  Overlord  
  182  11:04  Baneling x12  
  182  11:05  Baneling, Zergling x2  
  182  11:06  Zergling x6  
  182  11:09  Hatchery  
  182  11:10  Baneling x2  
  182  11:11  Baneling  
  185  11:14  Zergling x14  
  190  11:20  Zergling x12  
  190  11:21  Baneling  
  190  11:22  Baneling x3  
  184  11:30  Zergling x16  
  162  11:41  Zergling x2  
  162  11:42  Zergling x10  
  162  11:46  Drone  
  162  11:47  Drone  
  167  11:52  Zergling x8  
  170  11:57  Zergling x8  
  172  12:01  Baneling x2  
  172  12:05  Overseer  
  172  12:06  Zergling x28  
  182  12:11  Hydralisk x3  
  182  12:12  Hatchery, Lurker Den  
  182  12:15  Baneling x6  
  186  12:18  Zergling x4  
  177  12:31  Zergling x14  
  177  12:36  Zergling x8  
  185  12:41  Zerg Missile Weapons Level 2  
  185  12:44  Drone x2  
  185  12:45  Drone x3  
  185  12:46  Baneling x5  
  185  12:48  Zergling x8  
  195  12:51  Zergling x2  
  195  12:57  Zergling x4  
  196  12:59  Baneling x18  
  195  13:08  Zergling x6  
  195  13:10  Adaptive Talons  
  195  13:12  Lurker  
  199  13:14  Baneling  
  199  13:15  Baneling x8  
  199  13:19  Baneling x3  
  195  13:29  Drone x3  
  198  13:35  Spore Crawler  
  166  14:03  Zergling x22  
  166  14:08  Zergling x34  
  166  14:09  Zergling x12  
  173  14:13  Zergling x2  
  173  14:14  Zergling x16  
  173  14:22  Lurker x10  
  173  14:23  Zergling x2  
  173  14:24  Zergling x8  
  187  14:28  Baneling  
  187  14:29  Baneling x7, Spore Crawler  
  187  14:30  Zergling x4  
  187  14:32  Zergling x8  
  187  14:35  Zergling x2  
  187  14:37  Baneling x8  
  192  14:41  Baneling x4  
  192  14:42  Overseer x2  
Tags
 
Add a new tag
Caveats
  • Supply blocks, unpowered buildings, or Contaminate may cause inaccurate times.
  • Supply counts are checked every 10 seconds.